 Dungeon Crawl Stone Soup version 0.28-a0-1147-gc7b72d3202 (webtiles) character file.

Game seed: 14752547894577927379

424 GenialerGandalf the Chopper (level 6, 0/52 (53) HPs)
             Began as a Hill Orc Fighter on Dec 14, 2021.
             Slain by an ogre (17 damage)
             ... on level 6 of the Dungeon.
             The game lasted 00:03:36 (2396 turns).

GenialerGandalf the Chopper (Hill Orc Fighter)      Turns: 2396, Time: 00:03:36

HP:   0/52 (53)     AC:  7    Str: 21    XL:     6   Next: 96%
MP:   6/6           EV: 10    Int:  8    God:
Gold: 87            SH:  4    Dex: 10    Spells: 5/5 levels left

rFire   . . .      SeeInvis .   a - +0 war axe
rCold   . . .      Faith    .   c - +0 buckler
rNeg    + . .      Spirit   .   b - +0 scale mail
rPois   .          Reflect  .   (no helmet)
rElec   .          Harm     .   (no cloak)
rCorr   .          Rampage  .   (no gloves)
Will    .....                   (no boots)
Stlth   ..........              (no amulet)
HPRegen 0.17/turn               h - ring of positive energy
MPRegen 0.10/turn               (no ring)

@: lightly drained
A: no striking features
a: no special abilities


You were on level 6 of the Dungeon.
You visited 1 branch of the dungeon, and saw 6 of its levels.

You collected 87 gold pieces.

Inventory:

Hand Weapons
 a - a +0 war axe (weapon)
Armour
 b - a +0 scale mail (worn)
 c - a +0 buckler (worn)
Jewellery
 h - a ring of positive energy (left hand)
Wands
 j - a wand of acid (12)
Scrolls
 e - a scroll of noise {unknown}
 g - a scroll of vulnerability {unknown}
 i - a scroll of identify {unknown}
Potions
 d - a potion of might
 f - a potion of heal wounds {unknown}


   Skills:
 + Level 4.6 Fighting
 + Level 6.1 Axes
 + Level 5.3 Armour
 + Level 1.6 Dodging
 + Level 0.1 Stealth
 + Level 4.0 Shields


You had 5 spell levels left.
You didn't know any spells.
Your spell library contained the following spells:

 Spells                   Type           Power      Damage    Failure   Level
 Static Discharge         Conj/Air       0%         N/A       86%         2
 Dispel Undead            Necr           0%         3d6       100%        4
 Sticky Flame             Conj/Fire      0%         2d3       100%        4


Dungeon Overview and Level Annotations

Branches:
Dungeon (6/15)
 Temple: D:4-7

Altars:
Makhleb


Message History

You closely miss the wight.
The wight is moderately damaged.
The wight barely misses you.
You hit the wight.
The wight is heavily damaged.
The wight hits you with a +0 long sword.
You partially resist.
You feel drained. The wight barely misses you.
You hit the wight but do no damage.
The wight is heavily damaged.
The wight barely misses you.
You hit the wight but do no damage.
The wight is heavily damaged.
The wight hits you with a +0 long sword!
You closely miss the wight.
The wight is heavily damaged.
The wight barely misses you.
You hit the wight but do no damage.
The wight is heavily damaged.
The wight barely misses you.
You hit the wight.
The wight is heavily damaged.
You block the wight's attack. The wight barely misses you.
You slash the wight!
You destroy the wight!
Your Armour skill increases to level 5!
Things that are here:
a +0 long sword; a +0 robe You start resting.
HP restored.
There is a stone staircase leading down here.
You climb downwards.
The ogre closely misses you.
The centaur shoots an arrow.
The arrow hits you!
There is a stone staircase leading up, spattered with blood here.
You hit the ogre.
The ogre is lightly wounded.
The centaur shoots an arrow.
The arrow hits you! You block the ogre's attack.
The centaur shoots an arrow.
The arrow hits you!
The centaur shoots an arrow.
The arrow hits you! The ogre hits you with a +0 giant club!
You die...

...........
..........
..........
..:......
.........
........#
........###
........O.#
.........@#
..........#
.......#.c#
.....###...#
..... ...##
(... ....#
.##. ##..#
...#


You could see an ogre and a centaur.

Vanquished Creatures
  A black bear (D:5)
  A scorpion (D:5)
  A water moccasin skeleton (D:5)
  A wight (D:5)
  A centaur zombie (D:5)
  A hound (D:5)
  A centaur skeleton (D:5)
  An iguana (D:5)
  5 adders
  An adder skeleton (D:5)
  A worm (D:3)
  4 orcs
  4 endoplasms
  A hobgoblin (D:3)
  2 kobolds
  4 ball pythons
  2 bats
  A frilled lizard (D:1)
33 creatures vanquished.

Notes
Turn   | Place    | Note
-------+----------+-------------------------------------------
     0 | D:1      | GenialerGandalf the Hill Orc Fighter began the quest for
                  | the Orb.
     0 | D:1      | Reached XP level 1. HP: 19/19 MP: 1/1
   161 | D:1      | You fall into a shaft and drop 1 floor!
   173 | D:2      | Reached skill level 3 in Axes
   173 | D:2      | Reached XP level 2. HP: 10/27 MP: 2/2
   493 | D:3      | Reached XP level 3. HP: 18/33 MP: 3/3
  1322 | D:5      | Entered Level 5 of the Dungeon
  1342 | D:5      | Reached skill level 4 in Axes
  1342 | D:5      | Reached skill level 1 in Dodging
  1342 | D:5      | Reached XP level 4. HP: 9/40 MP: 4/4
  1631 | D:5      | Noticed a black bear
  1641 | D:5      | Killed a black bear
  1642 | D:5      | Reached XP level 5. HP: 20/47 MP: 5/5
  1842 | D:5      | Reached skill level 5 in Axes
  1842 | D:5      | Reached XP level 6. HP: 53/53 MP: 6/6
  2145 | D:5      | Found a burning altar of Makhleb.
  2159 | D:5      | Reached skill level 6 in Axes
  2208 | D:5      | Reached skill level 5 in Armour
  2396 | D:6      | Slain by an ogre

Illustrated notes

Levels and vault maps discovered:
D:1:      erik_arrival_cave_to_civilisation [erik_arrival_cave_to_hall],
          layout_rooms
D:2:      layout_basic, ebering_ecumenical_altar_abandoned
D:3:      layout_basic
D:4:      layout_cave_pods, chequers_arboretum, hex_large
D:5:      layout_basic, nicolae_overflow_crystal_walls
D:6:      layout_cave_pools, nicolae_ru_great_annihilating_truth, temple_pool_b,
          minivault_10

Skill      XL: |  1  2  3  4  5  6 |
---------------+-------------------+-----
Axes           | 3 4 5 6 |  6.1
Fighting       | 4 |  4.6
Armour         | 4 5 |  5.3
Dodging        | 1 |  1.6
Shields        | 4 |  4.0
Stealth        | |  0.1

Action                   |  1- 3 |  4- 6 || total
-------------------------+-------+-------++-------
Melee: War axe           |    79 |    53 ||   132
Armor: Scale mail        |    44 |    32 ||    76
Dodge: Dodged            |    45 |    46 ||    91
Block: Buckler           |    19 |    13 ||    32

Table legend: (Time is in decaauts)
 A = Elapsed time spent in this place.
 B = Non-inter-level travel time spent in this place.
 C = Inter-level travel time spent in this place.
 D = Time resting spent in this place.
 E = Time spent auto-exploring this place.
 F = Levels seen in this place.
 G = Mean time per level.
                   A        B        C        D        E       F      G
               +--------+--------+--------+--------+--------+-----+--------+
         Total |   2435 |   2435 |      0 |   1159 |    451 |   6 |  405.8 |
       Dungeon |   2435 |   2435 |      0 |   1159 |    451 |   6 |  405.8 |
               +--------+--------+--------+--------+--------+-----+--------+

Top non-repeatable levels by time:
     D:5: 1079 daAuts
     D:3: 800 daAuts
     D:2: 234 daAuts
     D:1: 166 daAuts
     D:4: 144 daAuts
     D:6: 10 daAuts
